Map: Ascensão para Aiur LE

Players

TheZergLord - Winner!

  • Race: Zerg Zerg
  • League: Grandmaster
  • Spawn Location: 11:00

DakkoN

  • Race: Zerg Zerg
  • League: Master
  • Spawn Location: 5:00

VOD

Have the link to the VOD?

Description

Time

  • Played on: June 14, 2017, 12:03 p.m.
  • Length: 7:39
Show
View Real Time Build Order
Export as new Build Order

TheZergLord Zerg - Winner!

Build Orders: Pool First 

Get SALT Encoding   

  12  0:01  Drone  
  13  0:12  Overlord  
  13  0:17  Drone  
  14  0:32  Drone x2  
  16  0:36  Drone  
  17  0:46  Drone, Extractor  
  17  0:50  Spawning Pool  
  17  0:56  Drone  
  17  1:15  Hatchery  
  16  1:19  Drone  
  17  1:37  Zergling x4  
  20  1:40  Zergling x2  
  20  1:42  Queen  
  22  1:50  Metabolic Boost  
  22  2:02  Overlord  
  22  2:10  Baneling Nest  
  22  2:11  Drone  
  22  2:22  Queen  
  24  2:23  Zergling x2  
  24  2:27  Zergling x2  
  26  2:38  Zergling x6  
  29  2:50  Zergling x4  
  24  2:54  Zergling x6  
  27  3:02  Zergling x2  
  25  3:14  Baneling x2  
  25  3:16  Zergling x2  
  25  3:17  Zergling x4  
  28  3:23  Zergling x4  
  28  3:35  Drone  
  28  3:36  Queen  
  28  3:41  Baneling x3  
  30  3:44  Zergling x2  
  30  3:46  Zergling x2  
  32  4:06  Zergling x6  
  35  4:10  Overlord  
  35  4:11  Overlord  
  31  4:27  Zergling x10  
  33  4:41  Zergling x6  
  36  4:51  Drone x4  
  37  5:07  Drone x2  
  37  5:09  Drone  
  37  5:11  Drone  
  41  5:16  Baneling x2  
  34  5:36  Drone x2  
  34  5:37  Zergling x6  
  37  5:47  Zergling x6  
  37  5:48  Zergling x6  
  41  5:54  Roach Warren  
  40  6:02  Drone  
  41  6:10  Hatchery  
  40  6:11  Baneling  
  40  6:12  Baneling x3  
  40  6:23  Zergling x6  
  40  6:37  Roach x2  
  40  6:38  Roach x3  
  46  6:53  Roach x3  
  50  6:56  Overlord x2  
  50  7:03  Overlord  
  50  7:04  Roach  
  50  7:07  Baneling x2  
  52  7:10  Hatchery  
  51  7:19  Roach x3  
Show
View Real Time Build Order
Export as new Build Order

DakkoN Zerg 

Build Orders: Pool First, Zergling Baneling 

Get SALT Encoding   

  12  0:00  Drone  
  13  0:10  Drone  
  14  0:14  Extractor  
  14  0:15  Drone  
  14  0:34  Spawning Pool  
  14  0:35  Drone  
  14  0:43  Drone, Extractor  
  15  0:52  Overlord  
  15  1:21  Metabolic Boost, Zergling x6  
  15  1:25  Queen  
  20  1:32  Zergling x2  
  21  1:40  Baneling Nest  
  21  1:43  Zergling x2  
  21  1:53  Zergling x2  
  22  1:59  Extractor  
  21  2:04  Zergling x2  
  23  2:14  Overlord  
  23  2:24  Baneling x2  
  23  2:35  Zergling x6  
  23  2:36  Zergling x2  
  23  2:53  Baneling  
  23  2:55  Zergling x4  
  25  3:10  Zergling x2  
  24  3:25  Zergling x4  
  22  3:35  Hatchery  
  22  3:40  Zergling x2  
  22  3:44  Baneling x2  
  22  3:53  Overlord  
  22  4:02  Baneling x2  
  21  4:24  Zergling x6  
  20  4:31  Zergling x2  
  22  4:41  Zergling x2  
  22  4:50  Zergling x2  
  22  4:51  Zergling x2  
  22  4:54  Queen  
  22  4:59  Baneling  
  23  5:04  Zergling x4  
  25  5:12  Baneling  
  25  5:13  Baneling x2  
  23  5:22  Zergling x6  
  23  5:23  Zergling x2  
  23  5:47  Queen  
  23  5:48  Baneling x2  
  19  5:50  Drone x5  
  24  5:57  Drone x2  
  26  6:06  Drone x2  
  26  6:10  Drone  
  29  6:17  Zergling x4  
  31  6:21  Zergling x2  
  31  6:36  Baneling x2  
  18  6:49  Zergling x8  
  18  6:50  Zergling x6  
  22  7:04  Drone x2  
  24  7:28  Spine Crawler  
Tags
 
Add a new tag
Caveats
  • Supply blocks, unpowered buildings, or Contaminate may cause inaccurate times.
  • Supply counts are checked every 10 seconds.